 Dungeon Crawl Stone Soup version 0.21-a0-150-gc243083 (webtiles) character file.

1263 tsouns the Carver (level 8, -10/62 HPs)
             Began as a Vampire Fighter on July 28, 2017.
             Mangled by a large abomination (18 damage)
             ... on level 1 of the Abyss.
             The game lasted 00:15:14 (3938 turns).

tsouns the Carver (Vampire Fighter)                 Turns: 3938, Time: 00:15:15

Health: -10/62     AC: 10    Str: 20    XL:     8   Next: 27%
Magic:  8/8        EV:  7    Int: 10    God:
Gold:   230        SH:  9    Dex: 14    Spells: 7/7 levels left

rFire    . . .     SeeInvis +   s - +0 falchion (elec)
rCold    . . .     Gourm    .   c - +0 shield
rNeg     . . .     Faith    .   b - +1 scale mail
rPois    .         Spirit   .   (no helmet)
rElec    .         Reflect  .   n - +0 cloak
rCorr    .         Harm     .   (no gloves)
MR       .....                  (no boots)
Stlth    ..........             (no amulet)
HPRegen  0.40/turn              k - +3 ring of strength
MPRegen  0.11/turn              (no ring)

@: regenerating quickly
A: fangs 3, hooves 1, slimy green scales 1, see invisible, sense surroundings 1,
unbreathing, subdued magic 1
a: no special abilities


You were on level 1 of the Abyss.
You were full.

You visited 1 branch of the dungeon, and saw 6 of its levels.
You visited the Abyss 1 time.

You collected 230 gold pieces.

Inventory:

Hand Weapons
 a - a +0 long sword
 h - a +0 falchion
 s - a +0 falchion of electrocution (weapon)
Missiles
 i - 3 javelins of returning
 m - 33 stones (quivered)
Armour
 b - a +1 scale mail (worn)
 c - a +0 shield (worn)
 n - a +0 cloak (worn)
Jewellery
 j - an uncursed ring of fire
 k - a +3 ring of strength (left hand)
 x - an uncursed ring of magical power
Wands
 u - a wand of digging (8/24)
Scrolls
 g - a scroll of teleportation
 q - a scroll of recharging
Potions
 d - a potion of mutation
 e - 12 potions of blood
 f - 2 potions of curing {unknown}
 o - 2 potions of flight
 p - a potion of ambrosia {unknown}
 w - a potion of heal wounds


   Skills:
 + Level 5.3 Fighting
 * Level 8.6 Long Blades
 - Level 2.4 Armour
 + Level 3.3 Shields


You had 7 spell levels left.
You didn't know any spells.

Dungeon Overview and Level Annotations

Branches:
Dungeon (6/15)
 Temple: D:4-7

Altars:
Ru

Annotations:
D:6 Eustachio


Innate Abilities, Weirdness & Mutations

Your natural rate of healing is unusually fast.
You have razor-sharp teeth.
You have supernaturally acute eyesight. (SInv)
You can survive without breathing.
You have large cloven feet.
You are partially covered in slimy green scales. (AC +2)
You passively map a small area around you.
Your spells are a little easier to cast, but a little less powerful.


Message History

The large abomination is almost destroyed.
The large abomination hits you!!
You are too injured to fight recklessly!
You hit the large abomination.
The large abomination is almost destroyed.
The large abomination hits you.
You hit the large abomination but do no damage.
You kick the large abomination, but do no damage.
The large abomination is almost destroyed.
Two of your 14 potions of blood rot away.
Your shield prevents you from hitting the large abomination.
The large abomination is almost destroyed.
The large abomination hits you!
* * * LOW HITPOINT WARNING * * *
Unknown command.
You hit the large abomination but do no damage.
You kick the large abomination, but do no damage.
The large abomination is almost destroyed.
The large abomination hits you!!
You die...

. .....#.## .
#.....# #. #..## #
. ##.#%.# ..
#.....### ## ...
...#.#..[.##.#
.... # ##......#.#
.....
#.........#......
##.......@X......
#...............
......#...#......
..................
..................
........###.......
...... #######
#####


You could see a large abomination.

Vanquished Creatures
  Sigmund (D:5)
  The ghost of p0werm0de the Chiller, an amateur DsIE (D:4)
  Menkaure (D:5)
  2 centaurs
  2 scorpions (D:5)
  A howler monkey (D:5)
  A bullfrog zombie (D:5)
  A hound (D:4)
  2 orc priests
  Crazy Yiuf (D:3)
  2 orc wizards
  An iguana (D:4)
  Ijyb (D:5)
  Terence (D:2)
  A worker ant (D:5)
  8 adders
  5 gnolls
  A howler monkey skeleton (D:6)
  2 shadow imps
  An adder zombie (D:6)
  2 dart slugs
  4 leopard geckos
  11 orcs
  A ball python (D:1)
  5 giant cockroaches
  14 goblins
  5 hobgoblins
  2 jackals (D:3)
  8 kobolds
  4 quokkas
  4 bats
  5 frilled lizards
  11 rats
112 creatures vanquished.

Notes
Turn   | Place    | Note
-------+----------+-------------------------------------------
     0 | D:1      | tsouns the Vampire Fighter began the quest for the Orb.
     0 | D:1      | Reached XP level 1. HP: 17/17 MP: 1/1
    53 | D:1      | Reached XP level 2. HP: 21/23 MP: 2/2
   108 | D:1      | Reached skill level 3 in Long Blades
   329 | D:1      | Reached XP level 3. HP: 28/28 MP: 3/3
   823 | D:2      | Reached skill level 4 in Long Blades
   972 | D:2      | Noticed Terence
  1007 | D:2      | Killed Terence
  1007 | D:2      | Reached XP level 4. HP: 28/34 MP: 4/4
  1553 | D:3      | Found a runed door.
  1557 | D:3      | Noticed Crazy Yiuf
  1564 | D:3      | Killed Crazy Yiuf
  1564 | D:3      | Reached skill level 5 in Long Blades
  1564 | D:3      | Reached XP level 5. HP: 22/40 MP: 5/5
  1682 | D:3      | Gained mutation: You have large cloven feet. [potion of mutation]
  1682 | D:3      | Gained mutation: You are partially covered in slimy green scales. (AC +2) [potion of mutation]
  1682 | D:3      | Gained mutation: Your spells are a little easier to cast, but a little less powerful. [potion of mutation]
  1682 | D:3      | Gained mutation: You passively map a small area around you. [potion of mutation]
  2037 | D:4      | Noticed p0werm0de's ghost (amateur DsIE)
  2197 | D:4      | Killed p0werm0de's ghost
  2197 | D:4      | Reached skill level 6 in Long Blades
  2197 | D:4      | Reached XP level 6. HP: 26/47 MP: 6/6
  2385 | D:4      | Found a sacrificial altar of Ru.
  2690 | D:5      | Entered Level 5 of the Dungeon
  2809 | D:5      | Reached XP level 7. HP: 54/54 MP: 7/7
  2855 | D:5      | Reached skill level 7 in Long Blades
  2874 | D:5      | Noticed Ijyb
  3047 | D:5      | Killed Ijyb
  3125 | D:5      | Noticed Menkaure
  3135 | D:5      | Killed Menkaure
  3215 | D:5      | Reached skill level 8 in Long Blades
  3303 | D:5      | Noticed Sigmund
  3318 | D:5      | Killed Sigmund
  3318 | D:5      | Reached skill level 5 in Fighting
  3318 | D:5      | Reached XP level 8. HP: 49/62 MP: 8/8
  3906 | D:6      | Noticed Eustachio
  3914 | D:6      | Cast into level 1 of the Abyss (Eustachio)
  3938 | Abyss:1  | Mangled by a large abomination

Vault maps used:
D:1:      minmay_arrival_radiant_lines
D:2:      kennysheep_big_flooded_room, guppyfry_early_lair_pool, uniq_terence
D:3:      uniq_crazy_yiuf_cottage
D:4:      nicolae_overflow_crystal_walls, first_bread
D:5:      item_on_display_a, uniq_menkaure, uniq_ijyb, uniq_sigmund
D:6:      minmay_temple_entry_oklob, serial_bayou_pond_d, minmay_joined_circles,
          uniq_eustachio

Skill      XL: |  1  2  3  4  5  6  7 |
---------------+----------------------+-----
Long Blades    | 3 4 5 6 8 |  8.6
Fighting       | 3 4 5 |  5.3
Shields        | 3 |  3.3
Armour         | |  2.4

Action                   |  1- 3 |  4- 6 |  7- 9 || total
-------------------------+-------+-------+-------++-------
Melee: Long sword        |   129 |   156 |    26 ||   311
       Bite              |     5 |    16 |    19 ||    40
       Kick              |       |    33 |    49 ||    82
       Falchion          |       |       |   108 ||   108
Throw: Stone             |       |     5 |       ||     5
       Javelin           |       |       |     4 ||     4
  Use: Scroll            |     5 |     7 |     2 ||    14
       Potion            |     2 |     4 |     2 ||     8
 Stab: Invisible         |       |     3 |       ||     3
  Eat: Corpse            |    10 |     9 |     4 ||    23
Armor: Scale mail        |    58 |    34 |     8 ||   100
       Ring mail         |       |    15 |    23 ||    38
Dodge: Dodged            |    31 |    39 |    33 ||   103
Block: Shield            |    54 |    60 |    47 ||   161
       Rpst.: Long sword |     8 |    16 |     2 ||    26
       Falchion          |       |       |     7 ||     7
